 Dungeon Crawl Stone Soup version 0.18-a0-888-gdb73dea (webtiles) character file.

598 timbw the Chopper (level 7, -3/35 HPs)
             Began as a Vine Stalker Fighter on Dec 23, 2015.
             Was an Initiate of Ashenzari.
             Slain by a scorpion (4 damage)
             ... on level 7 of the Dungeon.
             The game lasted 00:06:27 (1478 turns).

timbw the Chopper (Vine Stalker Fighter)            Turns: 1478, Time: 00:06:28

Health: -3/35      AC:  6    Str: 18    XL:     7   Next: 40%
Magic:  0/8        EV:  5    Int:  9    God:    Ashenzari [......]
Gold:   111        SH: 13    Dex: 15    Spells: 0 memorised, 6 levels left

rFire  . . .     SeeInvis .     s - -1 war axe (curse)
rCold  . . .     Gourm    .     b - +0 scale mail (curse)
rNeg   . . .     Faith    .     l - +0 large shield (curse)
rPois  .         Spirit   +     (no helmet)
rElec  .         Dismiss  .     (no cloak)
rCorr  .         Reflect  .     (no gloves)
SustAt .         Harm     .     (no boots)
MR     .....                    (no amulet)
Stlth  ..........               (no ring)
                                (no ring)

@: very slightly contaminated, not resistant to hostile enchantments, extremely
unstealthy
A: fangs 2, regeneration 2, magic shield, antimagic bite, no device heal 3, rot
immunity
a: Renounce Religion


You were on level 7 of the Dungeon.
You worshipped Ashenzari.
Ashenzari was noncommittal.
You were hungry.

You visited 2 branches of the dungeon, and saw 8 of its levels.
You also visited: Sewer.

You collected 111 gold pieces.

Inventory:

Hand Weapons
 a - a +0 war axe
 s - a cursed -1 war axe (weapon)
Armour
 b - a cursed +0 scale mail (worn)
 c - a +0 shield
 l - a cursed +0 large shield (worn)
Wands
 o - a wand of fireball (6/15)
Scrolls
 d - 2 scrolls of amnesia
 e - a scroll of noise {unknown}
 p - a scroll of enchant weapon {unknown}
 q - 2 scrolls of enchant armour {unknown}
 r - a scroll of magic mapping {unknown}
 t - a scroll of blinking {unknown}
 u - a scroll of fog {unknown}
 v - 2 scrolls of teleportation
 y - a scroll of recharging {unknown}
 A - a scroll of curse jewellery
 B - a scroll of curse armour
Potions
 g - a potion of curing
 h - 2 potions of poison
 i - a potion of haste
 j - 2 potions of ambrosia {unknown}
 k - 2 potions of lignification {unknown}
 w - 2 potions of flight
 x - a potion of invisibility {unknown}
Comestibles
 f - 2 bread rations
 m - a beef jerky
 n - a meat ration
 z - 2 chunks of flesh


   Skills:
 - Level 2.6 Fighting
 + Level 7.3 Axes
 - Level 2.4 Armour
 - Level 2.6 Shields


You had 6 spell levels left.
You didn't know any spells.

Dungeon Overview and Level Annotations

Branches:
Dungeon (7/15)             Temple (1/1) D:4

Altars:
Ashenzari
Cheibriados
Dithmenos
Elyvilon
Fedhas
Gozag
Kikubaaqudgha
Pakellas
Qazlal
Sif Muna
Trog
Vehumet
Yredelemnul

Annotations:
D:3 1 runed door
D:7 Voda's ghost, novice FoCK


Innate Abilities, Weirdness & Mutations

You have extremely sharp teeth.
You heal very quickly.
When hurt, damage is shared between your health and your magic reserves.
Your bite disrupts and absorbs the magic of your enemies.
Potions and wands cannot restore your health.
You are immune to rotting.


Message History

The iguana bites you.
The ice beast hits you but does no damage.
You block the worker ant's attack. The giant gecko bites you.
You block the worker ant's attack. The ice beast barely misses you.
You block the giant gecko's attack.
You closely miss the worker ant.
You bite the worker ant, but do no damage.
You hit the scorpion.
The scorpion is lightly wounded.
You closely miss the iguana.
The iguana is lightly wounded.
You barely miss the giant gecko.
The giant gecko bites you but does no damage.
The iguana bites you! You block the scorpion's attack.
You block the worker ant's attack. The giant gecko bites you.
* * * LOW HITPOINT WARNING * * *
The iguana bites you!
* * * LOW HITPOINT WARNING * * *
The scorpion stings you.
You die...

.... ...... ......
####.....
########......#
#(............#
#.....Y.......# ####
#....lla....# ######...
#.....@sr..####..l...l.
#######o...O....####)..
#.######### #### ###


You could see an ice beast, an ogre, a scorpion, an iguana, a worker ant, an
orc, a giant gecko and a quokka.

Vanquished Creatures
  A sky beast (D:5)
  A centaur (D:7)
  A giant frog (D:7)
  A water moccasin skeleton (D:6)
  A scorpion (D:4)
  An orc wizard (D:4)
  A human skeleton (D:3)
  4 worker ants
  A river rat (D:4)
  2 adders
  4 oozes (Sewer)
  6 worms
  5 giant geckos
  8 orcs (D:4)
  6 bats (Sewer)
  7 giant cockroaches
  A goblin (D:1)
  A hobgoblin (D:3)
  4 jackals (Sewer)
  2 ball pythons (Sewer)
  2 giant newts (Sewer)
  A rat (D:4)
61 creatures vanquished.

Notes
Turn   | Place    | Note
--------------------------------------------------------------
     0 | D:1      | timbw the Vine Stalker Fighter began the quest for the Orb.
     0 | D:1      | Reached XP level 1. HP: 11/11 MP: 2/2
     6 | D:1      | Noticed a polar bear
     7 | D:1      | Noticed a swamp drake
     7 | D:1      | Noticed a salamander
   161 | D:3      | Reached XP level 2. HP: 16/16 MP: 3/3
   168 | D:3      | Found a runed door.
   168 | D:3      | Noticed a human
   200 | D:3      | Found a basalt altar of Yredelemnul.
   216 | D:3      | Reached skill level 3 in Axes
   216 | D:3      | Reached XP level 3. HP: 16/19 MP: 4/4
   261 | D:5      | Entered Level 5 of the Dungeon
   298 | D:5      | Noticed a sky beast
   320 | D:5      | Killed a sky beast
   320 | D:5      | Reached skill level 4 in Axes
   320 | D:5      | Reached XP level 4. HP: 15/23 MP: 5/5
   320 | D:5      | Reached XP level 5. HP: 17/27 MP: 6/6
   338 | D:4      | Reached skill level 5 in Axes
   344 | D:4      | Found an opulent altar of Gozag.
   352 | D:4      | Found a staircase to the Ecumenical Temple.
   368 | Temple   | Entered the Ecumenical Temple
   434 | Temple   | Became a worshipper of Ashenzari the Shackled
   711 | D:4      | Found a glowing drain.
   721 | Sewer    | Entered a sewer
   934 | Sewer    | Gained mutation: You heal very quickly. [Vine Stalker growth]
   934 | Sewer    | Reached XP level 6. HP: 32/32 MP: 7/7
  1205 | D:4      | Reached skill level 6 in Axes
  1351 | D:6      | Reached XP level 7. HP: 26/35 MP: 8/8
  1384 | D:7      | Reached skill level 7 in Axes
  1385 | D:7      | Noticed Voda's ghost (novice FoCK)
  1478 | D:7      | HP: 1/35 [iguana (8)]
  1478 | D:7      | Slain by a scorpion

Vault maps used:
D:1:      onia_arrival_zoo_common
D:2:      xom_redecorated, serial_forest, infiniplex_forest_end_1,
          infiniplex_forest_lined_room_3, infiniplex_forest_lined_3,
          infiniplex_forest_lined_1, infiniplex_forest_lined_room_2,
          infiniplex_forest_straight_1, infiniplex_forest_lined_corner,
          infiniplex_forest_lined_room_, first_bread
D:3:      zin_scriptorium, dk_yredelemnul_ordeal
D:4:      kennysheep_mini_moat, temple_statues, serial_glass, glass_columns_b,
          glass_columns_b, gup_sewer_entry_bubbles, st_stairs_5
D:5:      nemelex_altar_shiori, nicolae_ru_awakened_eye, grunt_tough_drop,
          uniq_menkaure
D:6:      gammafunk_temple_overflow_wave
D:7:      grunt_livestock, kennysheep_diamond
Temple:   circular_temple_pool_12
Sewer:    sewer_fruit_machine

Action                   |  1- 3 |  4- 6 |  7- 9 || total
-------------------------+-------+-------+-------++-------
Melee: War axe           |    38 |   141 |    20 ||   199
  Use: Potion            |     1 |     1 |     3 ||     5
       Scroll            |       |     3 |       ||     3
  Eat: Chunk             |       |     2 |       ||     2
